Jets vs Flames

Created - October 23 2011 at 10:37

Goals
1 2 3 T
Jets 1 1 3 5
Flames 3 0 0 3
Shots
1 2 3 T
Jets 6 10 11 27
Flames 13 11 7 31

Period #1

1. Flames , Anze Kopitar 5 (Dan Boyle, Dan Hamhuis) at 0:09
2. Jets , Ryan Callahan 6 (P.K. Subban, Brian Boyle) at 1:11
3. Flames , Michael Grabner 1 (Dan Hamhuis, Erik Johnson) at 5:00 (PP)
4. Flames , Michael Grabner 2 (Dan Boyle, Anze Kopitar) at 9:24

Penalties :
P.K. Subban (WPG) for Cross-checking (Minor) at 4:45, Mikael Samuelsson (CGY) for Tripping (Minor) at 9:25, P.K. Subban (WPG) for Interference (Minor) at 15:42, Zach Bogosian (CGY) for Interference (Minor) at 17:52

Period #2

5. Jets , Martin Erat 7 (Clarke MacArthur, Ryan Suter) at 18:25 (PP)

Penalties :
P.K. Subban (WPG) for Hooking (Minor) at 0:07, Joffrey Lupul (CGY) for Tripping (Minor) at 1:12, Ryan Suter (WPG) for Roughing (Minor) at 5:52, Brenden Morrow (WPG) for Interference (Minor) at 11:02, Clarke MacArthur (WPG) for Hooking (Minor) at 11:45, Jordan Caron (WPG) for Holding (Minor) at 13:47, John Tavares (CGY) for Hooking (Minor) at 17:17

Period #3

6. Jets , Martin Erat 8 (Frans Nielsen) at 2:01
7. Jets , Ryan Malone 2 (Christian Ehrhoff, Martin Erat) at 8:30 (PP)
8. Jets , Frans Nielsen 1 (Ryan Suter) at 18:30

Penalties :
Mikael Samuelsson (CGY) for Hooking (Minor) at 5:01, Mikael Samuelsson (CGY) for Roughing (Minor) at 7:25, John Tavares (CGY) for Roughing (Minor) at 8:08, P.K. Subban (WPG) for High sticking (Minor) at 12:19, Erik Johnson (CGY) for Fighting (Major) at 15:17, Ryan Malone (WPG) for Fighting (Major) at 15:17, P.K. Subban (WPG) for Holding (Minor) at 15:56, Dan Hamhuis (CGY) for High sticking (Minor) at 19:30, Ryan Callahan (WPG) for Cross-checking (Minor) at 19:46

Goalie Stats

Ilya Bryzgalov (WPG), 28 saves from 31 shots - (0.903), W, 7-3-0, 60:00 minutes
Miikka Kiprusoff (CGY), 22 saves from 27 shots - (0.815), L, 5-3-0, 60:00 minutes

Players Stats

Jets
Player Name              G  A  P  +/- PIM S  H  SB FO    MP 
------------------------------------------------------------
Alex Goligoski           0  0  0   0  0   0  0  0  0/0   6  
Brenden Morrow           0  0  0   0  2   3  0  0  0/1   22 
Brian Boyle              0  1  1   0  0   2  1  0  6/15  10 
Christian Ehrhoff        0  1  1   0  0   2  2  1  0/0   22 
Clarke MacArthur         0  1  1   0  2   3  1  0  4/7   10 
Frans Nielsen            1  1  2   2  0   1  0  0  4/12  12 
James Wisniewski         0  0  0   1  0   0  0  1  0/0   16 
Jordan Caron             0  0  0   0  2   0  0  0  0/5   9  
Marc Staal               0  0  0   0  0   1  1  0  0/0   16 
Mark Giordano            0  0  0   1  0   1  5  4  0/0   20 
Martin Erat              2  1  3   1  0   3  2  0  1/4   16 
Mike Ribeiro             0  0  0  -1  0   1  1  0  18/33 22 
Nathan Gerbe             0  0  0   0  0   0  1  0  0/0   10 
P.K. Subban              0  1  1   0  10  0  3  2  0/0   20 
Rene Bourque             0  0  0   0  0   1  1  0  0/1   11 
Ryan Callahan            1  0  1   0  2   3  0  0  5/12  22 
Ryan Malone              1  0  1   1  5   3  1  1  1/1   21 
Ryan Suter               0  2  2   0  2   3  0  3  0/0   21 
Flames
Player Name              G  A  P  +/- PIM S  H  SB FO    MP 
------------------------------------------------------------
Alex Steen               0  0  0  -2  0   1  0  0  1/1   22 
Anze Kopitar             1  1  2   1  0   4  0  0  15/27 22 
Carl Gunnarsson          0  0  0   0  0   1  1  0  0/0   5  
Dan Boyle                0  2  2   1  0   0  1  1  0/0   24 
Dan Hamhuis              0  2  2   1  2   2  5  1  0/0   23 
Devin Setoguchi          0  0  0   1  0   1  2  0  4/5   13 
Erik Johnson             0  1  1  -1  5   2  2  1  0/0   16 
Jack Johnson             0  0  0  -2  0   2  0  0  0/0   19 
Jiri Hudler              0  0  0   0  0   3  1  0  0/0   12 
Joffrey Lupul            0  0  0   0  2   0  2  0  0/0   10 
John Tavares             0  0  0  -2  4   2  0  0  22/34 21 
Josh Gorges              0  0  0  -1  0   0  1  2  0/0   16 
Michael Grabner          2  0  2   1  0   5  0  0  0/1   18 
Mikael Samuelsson        0  0  0  -2  6   0  2  0  1/1   20 
Pierre-Marc Bouchard     0  0  0   0  0   3  0  0  4/11  10 
Rob Schremp              0  0  0   0  0   1  1  0  5/11  10 
Teddy Purcell            0  0  0   0  0   4  0  0  0/0   10 
Zach Bogosian            0  0  0   0  2   0  0  2  0/0   15 

3 Stars

1 - Martin Erat (WPG)
2 - Michael Grabner (CGY)
3 - Frans Nielsen (WPG)

Power Play

Jets - 2 on 8 Attempt(s) - 25.00%
Flames - 1 on 10 Attempt(s) - 10.00%

Penalty Kill

Jets - 9 on 10 Attempt(s) - 90.00% - Score 0 goal in Penalty Kill
Flames - 6 on 8 Attempt(s) - 75.00% - Score 0 goal in Penalty Kill

Game Notes

Erik Johnson and Ryan Malone fight to a draw at 15:17 of 3rd period

Finance

Level 1 -- Attendance: 5886 (90.55%) -- Ticket Income $441,450.00
Level 2 -- Attendance: 4682 (93.64%) -- Ticket Income $234,100.00
Level 3 -- Attendance: 3138 (89.66%) -- Ticket Income $94,140.00
Level 4 -- Attendance: 2441 (74.22%) -- Ticket Income $41,497.00
Luxury Box -- Attendance: 923 (92.30%) -- Ticket Income $138,450.00
Game was played at the ScotiaBank Saddledome
Total Attendance: 17070 (88.50%)
Total Ticket Income: $992,602.40
Other Income: $177,729.90
Total Income: $1,170,332.00


Play by Play

Period #1

0:01 of 1st period - Anze Kopitar wins face-off versus Brian Boyle in neutral zone.
0:09 of 1st period - Shot by Anze Kopitar.
0:09 of 1st period - Goal by Anze Kopitar - Jets : 0 - Flames : 1.
0:10 of 1st period - John Tavares wins face-off versus Mike Ribeiro in neutral zone.
0:51 of 1st period - Shot by Mike Ribeiro.
0:51 of 1st period - Shot Misses the Net.
0:55 of 1st period - Shot by Mike Ribeiro.
0:55 of 1st period - Shot Misses the Net.
1:11 of 1st period - Shot by Ryan Callahan.
1:11 of 1st period - Goal by Ryan Callahan - Jets : 1 - Flames : 1.
1:12 of 1st period - Anze Kopitar wins face-off versus Frans Nielsen in neutral zone.
1:15 of 1st period - Shot by Michael Grabner.
1:15 of 1st period - Deflect By Devin Setoguchi.
1:15 of 1st period - Shot Blocked by James Wisniewski.
1:17 of 1st period - Shot by Devin Setoguchi.
1:17 of 1st period - Shot Blocked by Mark Giordano.
1:19 of 1st period - Shot by Dan Hamhuis.
1:19 of 1st period - Shot Misses the Net.
1:23 of 1st period - Shot by Anze Kopitar.
1:23 of 1st period - Shot Blocked by Mark Giordano.
1:25 of 1st period - Shot by Devin Setoguchi.
1:25 of 1st period - Shot Misses the Net.
1:27 of 1st period - Shot by Dan Hamhuis.
1:27 of 1st period - Stopped by Ilya Bryzgalov with a rebound.
1:29 of 1st period - Shot by Anze Kopitar.
1:29 of 1st period - Shot Misses the Net.
1:38 of 1st period - Off-side.
1:39 of 1st period - Pierre-Marc Bouchard wins face-off versus Brian Boyle in neutral zone.
2:03 of 1st period - Shot by Christian Ehrhoff.
2:03 of 1st period - Shot Misses the Net.
2:05 of 1st period - Shot by Brenden Morrow.
2:05 of 1st period - Shot Misses the Net.
2:59 of 1st period - Shot by Martin Erat.
2:59 of 1st period - Shot Hit the Post.
3:01 of 1st period - Shot by Mark Giordano.
3:01 of 1st period - Stopped by Miikka Kiprusoff without a rebound.
3:02 of 1st period - John Tavares wins face-off versus Rene Bourque in Flames zone.
4:07 of 1st period - Ryan Malone is hit by Dan Hamhuis and loses puck.
4:45 of 1st period - Minor Penalty to P.K. Subban for Cross-checking.
4:46 of 1st period - John Tavares wins face-off versus Ryan Callahan in Jets zone.
4:47 of 1st period - Shot by Erik Johnson.
4:47 of 1st period - Stopped by Ilya Bryzgalov without a rebound.
4:48 of 1st period - John Tavares wins face-off versus Ryan Callahan in Jets zone.
4:54 of 1st period - Shot by Erik Johnson.
4:54 of 1st period - Stopped by Ilya Bryzgalov with a rebound.
4:56 of 1st period - Shot by Dan Hamhuis.
4:56 of 1st period - Shot Misses the Net.
5:00 of 1st period - Shot by Michael Grabner.
5:00 of 1st period - Goal by Michael Grabner - Jets : 1 - Flames : 2.
5:01 of 1st period - Mike Ribeiro wins face-off versus Pierre-Marc Bouchard in neutral zone.
5:22 of 1st period - Shot by Clarke MacArthur.
5:22 of 1st period - Stopped by Miikka Kiprusoff with a rebound.
5:24 of 1st period - Shot by Mike Ribeiro.
5:24 of 1st period - Deflect By Clarke MacArthur.
5:24 of 1st period - Shot Blocked by Zach Bogosian.
5:26 of 1st period - Shot by Alex Goligoski.
5:26 of 1st period - Shot Misses the Net.
5:42 of 1st period - Shot by Clarke MacArthur.
5:42 of 1st period - Shot Misses the Net.
6:06 of 1st period - Shot by Martin Erat.
6:06 of 1st period - Stopped by Miikka Kiprusoff without a rebound.
6:07 of 1st period - John Tavares wins face-off versus Brian Boyle in Flames zone.
6:22 of 1st period - Shot by John Tavares.
6:22 of 1st period - Stopped by Ilya Bryzgalov without a rebound.
6:23 of 1st period - Mike Ribeiro wins face-off versus Anze Kopitar in Jets zone.
6:32 of 1st period - Michael Grabner is hit by Nathan Gerbe and loses puck.
6:52 of 1st period - Shot by Michael Grabner.
6:52 of 1st period - Shot Misses the Net.
6:54 of 1st period - Shot by Anze Kopitar.
6:54 of 1st period - Shot Misses the Net.
6:56 of 1st period - Shot by Devin Setoguchi.
6:56 of 1st period - Shot Blocked by Ryan Suter.
7:56 of 1st period - Shot by Mikael Samuelsson.
7:56 of 1st period - Shot Misses the Net.
8:54 of 1st period - Shot by Michael Grabner.
8:54 of 1st period - Shot Misses the Net.
8:58 of 1st period - Shot by Michael Grabner.
8:58 of 1st period - Stopped by Ilya Bryzgalov without a rebound.
8:59 of 1st period - Mike Ribeiro wins face-off versus Anze Kopitar in Jets zone.
9:24 of 1st period - Shot by Michael Grabner.
9:24 of 1st period - Goal by Michael Grabner - Jets : 1 - Flames : 3.
9:25 of 1st period - Brian Boyle wins face-off versus John Tavares in neutral zone.
9:25 of 1st period - Minor Penalty to Mikael Samuelsson for Tripping.
9:26 of 1st period - John Tavares wins face-off versus Jordan Caron in Flames zone.
10:06 of 1st period - Icing by Brenden Morrow.
10:07 of 1st period - John Tavares wins face-off versus Mike Ribeiro in Jets zone.
10:21 of 1st period - P.K. Subban is hit by Dan Boyle.
10:51 of 1st period - Martin Erat is hit by Rob Schremp and loses puck.
12:41 of 1st period - Shot by Michael Grabner.
12:41 of 1st period - Stopped by Ilya Bryzgalov without a rebound.
12:42 of 1st period - Pierre-Marc Bouchard wins face-off versus Brian Boyle in Jets zone.
12:42 of 1st period - Pierre-Marc Bouchard is hit by Christian Ehrhoff.
12:58 of 1st period - Shot by Jiri Hudler.
12:58 of 1st period - Stopped by Ilya Bryzgalov without a rebound.
12:59 of 1st period - Rob Schremp wins face-off versus Mike Ribeiro in Jets zone.
13:19 of 1st period - Clarke MacArthur is hit by Dan Hamhuis and loses puck.
13:51 of 1st period - Frans Nielsen is hit by Joffrey Lupul and loses puck.
14:13 of 1st period - Jiri Hudler is hit by Mark Giordano and loses puck.
14:28 of 1st period - Shot by Pierre-Marc Bouchard.
14:28 of 1st period - Stopped by Ilya Bryzgalov without a rebound.
14:29 of 1st period - Mike Ribeiro wins face-off versus John Tavares in Jets zone.
14:29 of 1st period - Mike Ribeiro is hit by Mikael Samuelsson.
14:34 of 1st period - Marc Staal is hit by Erik Johnson and loses puck.
15:42 of 1st period - Minor Penalty to P.K. Subban for Interference.
15:43 of 1st period - Ryan Callahan wins face-off versus Rob Schremp in Jets zone.
15:56 of 1st period - Shot by Michael Grabner.
15:56 of 1st period - Deflect By Rob Schremp.
15:56 of 1st period - Stopped by Ilya Bryzgalov without a rebound.
15:57 of 1st period - Anze Kopitar wins face-off versus Ryan Callahan in Jets zone.
17:20 of 1st period - Shot by Anze Kopitar.
17:20 of 1st period - Stopped by Ilya Bryzgalov with a rebound.
17:42 of 1st period - Alex Goligoski is hit by Jiri Hudler.
17:43 of 1st period - Icing by Alex Goligoski.
17:44 of 1st period - Clarke MacArthur wins face-off versus Pierre-Marc Bouchard in Jets zone.
17:48 of 1st period - Frans Nielsen is hit by Josh Gorges and loses puck.
17:52 of 1st period - Minor Penalty to Zach Bogosian for Interference.
17:53 of 1st period - Devin Setoguchi wins face-off versus Mike Ribeiro in Flames zone.
18:20 of 1st period - Shot by Mike Ribeiro.
18:20 of 1st period - Shot Misses the Net.
18:44 of 1st period - Shot by Christian Ehrhoff.
18:44 of 1st period - Stopped by Miikka Kiprusoff without a rebound.
18:45 of 1st period - Anze Kopitar wins face-off versus Jordan Caron in Flames zone.
19:00 of 1st period - Shot by Ryan Suter.
19:00 of 1st period - Shot Blocked by Dan Hamhuis.
19:02 of 1st period - Shot by Ryan Suter.
19:02 of 1st period - Stopped by Miikka Kiprusoff without a rebound.
19:03 of 1st period - Clarke MacArthur wins face-off versus John Tavares in Flames zone.
19:38 of 1st period - Off-side.
19:39 of 1st period - John Tavares wins face-off versus Jordan Caron in neutral zone.

Period #2

0:01 of 2nd period - Devin Setoguchi wins face-off versus Brian Boyle in neutral zone.
0:07 of 2nd period - Minor Penalty to P.K. Subban for Hooking.
0:08 of 2nd period - Mike Ribeiro wins face-off versus Anze Kopitar in Jets zone.
0:46 of 2nd period - Off-side.
0:47 of 2nd period - Mike Ribeiro wins face-off versus John Tavares in neutral zone.
1:12 of 2nd period - Minor Penalty to Joffrey Lupul for Tripping.
1:13 of 2nd period - Anze Kopitar wins face-off versus Ryan Callahan in Flames zone.
1:40 of 2nd period - Shot by Anze Kopitar.
1:40 of 2nd period - Shot Misses the Net.
1:42 of 2nd period - Shot by Dan Boyle.
1:42 of 2nd period - Shot Misses the Net.
1:56 of 2nd period - Shot by Ryan Callahan.
1:56 of 2nd period - Stopped by Miikka Kiprusoff with a rebound.
1:59 of 2nd period - Icing by Erik Johnson.
2:00 of 2nd period - Mike Ribeiro wins face-off versus John Tavares in Flames zone.
3:11 of 2nd period - Shot by Brenden Morrow.
3:11 of 2nd period - Shot Misses the Net.
3:28 of 2nd period - Shot by Jiri Hudler.
3:28 of 2nd period - Stopped by Ilya Bryzgalov without a rebound.
3:29 of 2nd period - Rob Schremp wins face-off versus Frans Nielsen in Jets zone.
4:06 of 2nd period - Icing by James Wisniewski.
4:07 of 2nd period - Frans Nielsen wins face-off versus John Tavares in Jets zone.
5:05 of 2nd period - Shot by Ryan Callahan.
5:05 of 2nd period - Shot Misses the Net.
5:07 of 2nd period - Shot by Brian Boyle.
5:07 of 2nd period - Stopped by Miikka Kiprusoff with a rebound.
5:09 of 2nd period - Shot by P.K. Subban.
5:09 of 2nd period - Shot Blocked by Erik Johnson.
5:13 of 2nd period - Shot by Ryan Callahan.
5:13 of 2nd period - Stopped by Miikka Kiprusoff without a rebound.
5:14 of 2nd period - Pierre-Marc Bouchard wins face-off versus Mike Ribeiro in Flames zone.
5:51 of 2nd period - Teddy Purcell is hit by Marc Staal and loses puck.
5:52 of 2nd period - Minor Penalty to Ryan Suter for Roughing.
5:53 of 2nd period - Ryan Callahan wins face-off versus Michael Grabner in Jets zone.
7:51 of 2nd period - Shot by Devin Setoguchi.
7:51 of 2nd period - Deflect By Anze Kopitar.
7:51 of 2nd period - Stopped by Ilya Bryzgalov without a rebound.
7:52 of 2nd period - Pierre-Marc Bouchard wins face-off versus Clarke MacArthur in Jets zone.
8:13 of 2nd period - Shot by Teddy Purcell.
8:13 of 2nd period - Stopped by Ilya Bryzgalov without a rebound.
8:14 of 2nd period - Frans Nielsen wins face-off versus Pierre-Marc Bouchard in Jets zone.
9:05 of 2nd period - Shot by Brenden Morrow.
9:05 of 2nd period - Stopped by Miikka Kiprusoff without a rebound.
9:06 of 2nd period - Anze Kopitar wins face-off versus Mike Ribeiro in Flames zone.
9:37 of 2nd period - Shot by Mike Ribeiro.
9:37 of 2nd period - Shot Misses the Net.
9:39 of 2nd period - Shot by Marc Staal.
9:39 of 2nd period - Stopped by Miikka Kiprusoff without a rebound.
9:40 of 2nd period - Mikael Samuelsson wins face-off versus Brian Boyle in Flames zone.
9:40 of 2nd period - Jack Johnson is hit by Brian Boyle and loses puck.
10:10 of 2nd period - Mikael Samuelsson is hit by P.K. Subban and loses puck.
10:31 of 2nd period - Shot by Michael Grabner.
10:31 of 2nd period - Shot Blocked by P.K. Subban.
10:37 of 2nd period - Shot by Michael Grabner.
10:37 of 2nd period - Shot Blocked by Christian Ehrhoff.
10:39 of 2nd period - Shot by Dan Hamhuis.
10:39 of 2nd period - Shot Misses the Net.
10:42 of 2nd period - Rob Schremp is hit by P.K. Subban and loses puck.
11:02 of 2nd period - Minor Penalty to Brenden Morrow for Interference.
11:03 of 2nd period - Mike Ribeiro wins face-off versus Anze Kopitar in Jets zone.
11:03 of 2nd period - Ryan Suter is hit by Mikael Samuelsson and loses puck.
11:45 of 2nd period - Minor Penalty to Clarke MacArthur for Hooking.
11:46 of 2nd period - John Tavares wins face-off versus Frans Nielsen in Jets zone.
12:45 of 2nd period - Shot by Mikael Samuelsson.
12:45 of 2nd period - Deflect By Alex Steen.
12:45 of 2nd period - Stopped by Ilya Bryzgalov without a rebound.
12:46 of 2nd period - John Tavares wins face-off versus Mike Ribeiro in Jets zone.
12:51 of 2nd period - Shot by Michael Grabner.
12:51 of 2nd period - Shot Blocked by Mark Giordano.
12:53 of 2nd period - Shot by Carl Gunnarsson.
12:53 of 2nd period - Stopped by Ilya Bryzgalov without a rebound.
12:54 of 2nd period - Anze Kopitar wins face-off versus Mike Ribeiro in Jets zone.
13:07 of 2nd period - Shot by Jack Johnson.
13:07 of 2nd period - Shot Misses the Net.
13:09 of 2nd period - Shot by Jack Johnson.
13:09 of 2nd period - Stopped by Ilya Bryzgalov without a rebound.
13:10 of 2nd period - Mike Ribeiro wins face-off versus John Tavares in Jets zone.
13:27 of 2nd period - Shot by Dan Hamhuis.
13:27 of 2nd period - Stopped by Ilya Bryzgalov without a rebound.
13:28 of 2nd period - Mike Ribeiro wins face-off versus Anze Kopitar in Jets zone.
13:46 of 2nd period - Anze Kopitar is hit by Clarke MacArthur.
13:47 of 2nd period - Minor Penalty to Jordan Caron for Holding.
13:48 of 2nd period - John Tavares wins face-off versus Ryan Callahan in Jets zone.
13:49 of 2nd period - Shot by Michael Grabner.
13:49 of 2nd period - Stopped by Ilya Bryzgalov without a rebound.
13:50 of 2nd period - John Tavares wins face-off versus Ryan Callahan in Jets zone.
14:04 of 2nd period - Icing by Dan Hamhuis.
14:05 of 2nd period - John Tavares wins face-off versus Mike Ribeiro in Flames zone.
14:41 of 2nd period - John Tavares is hit by Christian Ehrhoff and loses puck.
15:04 of 2nd period - Shot by Anze Kopitar.
15:04 of 2nd period - Shot Misses the Net.
15:11 of 2nd period - Icing by Anze Kopitar.
15:12 of 2nd period - Ryan Callahan wins face-off versus Anze Kopitar in Flames zone.
15:15 of 2nd period - Shot by Brenden Morrow.
15:15 of 2nd period - Shot Misses the Net.
16:03 of 2nd period - Shot by Jiri Hudler.
16:03 of 2nd period - Shot Misses the Net.
16:19 of 2nd period - Shot by Teddy Purcell.
16:19 of 2nd period - Stopped by Ilya Bryzgalov without a rebound.
16:20 of 2nd period - Anze Kopitar wins face-off versus Frans Nielsen in Jets zone.
16:20 of 2nd period - Anze Kopitar is hit by Mark Giordano.
16:24 of 2nd period - Shot by Anze Kopitar.
16:24 of 2nd period - Stopped by Ilya Bryzgalov without a rebound.
16:25 of 2nd period - Anze Kopitar wins face-off versus Martin Erat in Jets zone.
17:17 of 2nd period - Minor Penalty to John Tavares for Hooking.
17:18 of 2nd period - Mike Ribeiro wins face-off versus Rob Schremp in Flames zone.
18:03 of 2nd period - Shot by Christian Ehrhoff.
18:03 of 2nd period - Shot Misses the Net.
18:05 of 2nd period - Shot by Jordan Caron.
18:05 of 2nd period - Deflect By Ryan Malone.
18:05 of 2nd period - Stopped by Miikka Kiprusoff without a rebound.
18:06 of 2nd period - Anze Kopitar wins face-off versus Martin Erat in Flames zone.
18:06 of 2nd period - Anze Kopitar is hit by Martin Erat.
18:17 of 2nd period - Shot by Jordan Caron.
18:17 of 2nd period - Shot Misses the Net.
18:19 of 2nd period - Shot by Christian Ehrhoff.
18:19 of 2nd period - Deflect By Martin Erat.
18:19 of 2nd period - Shot Blocked by Josh Gorges.
18:23 of 2nd period - Shot by Clarke MacArthur.
18:23 of 2nd period - Stopped by Miikka Kiprusoff with a rebound.
18:25 of 2nd period - Shot by Clarke MacArthur.
18:25 of 2nd period - Deflect By Martin Erat.
18:25 of 2nd period - Goal by Martin Erat - Jets : 2 - Flames : 3.
18:26 of 2nd period - Brian Boyle wins face-off versus Pierre-Marc Bouchard in neutral zone.
18:35 of 2nd period - Shot by Christian Ehrhoff.
18:35 of 2nd period - Stopped by Miikka Kiprusoff without a rebound.
18:36 of 2nd period - John Tavares wins face-off versus Mike Ribeiro in Flames zone.
18:51 of 2nd period - Shot by Mike Ribeiro.
18:51 of 2nd period - Stopped by Miikka Kiprusoff without a rebound.
18:52 of 2nd period - Brian Boyle wins face-off versus Pierre-Marc Bouchard in Flames zone.
19:01 of 2nd period - Shot by Brenden Morrow.
19:01 of 2nd period - Shot Misses the Net.
19:12 of 2nd period - Teddy Purcell is hit by P.K. Subban and loses puck.
19:15 of 2nd period - Shot by Teddy Purcell.
19:15 of 2nd period - Stopped by Ilya Bryzgalov without a rebound.
19:16 of 2nd period - John Tavares wins face-off versus Frans Nielsen in Jets zone.
19:16 of 2nd period - Erik Johnson is hit by Mark Giordano and loses puck.
19:23 of 2nd period - Alex Steen is hit by Ryan Malone.
19:42 of 2nd period - Off-side.
19:43 of 2nd period - Mike Ribeiro wins face-off versus Devin Setoguchi in neutral zone.

Period #3

0:01 of 3rd period - Anze Kopitar wins face-off versus Brian Boyle in neutral zone.
0:21 of 3rd period - Icing by Dan Hamhuis.
0:22 of 3rd period - Anze Kopitar wins face-off versus Mike Ribeiro in Flames zone.
0:33 of 3rd period - Shot by Rene Bourque.
0:33 of 3rd period - Stopped by Miikka Kiprusoff without a rebound.
0:34 of 3rd period - John Tavares wins face-off versus Frans Nielsen in Flames zone.
0:41 of 3rd period - Shot by John Tavares.
0:41 of 3rd period - Shot Blocked by Mark Giordano.
0:58 of 3rd period - Alex Steen is hit by Mark Giordano and loses puck.
1:04 of 3rd period - Off-side.
1:05 of 3rd period - Brian Boyle wins face-off versus Pierre-Marc Bouchard in neutral zone.
1:36 of 3rd period - Shot by Pierre-Marc Bouchard.
1:36 of 3rd period - Stopped by Ilya Bryzgalov without a rebound.
1:37 of 3rd period - Devin Setoguchi wins face-off versus Mike Ribeiro in Jets zone.
1:53 of 3rd period - Icing by Dan Boyle.
1:54 of 3rd period - Frans Nielsen wins face-off versus Anze Kopitar in Flames zone.
1:54 of 3rd period - Martin Erat is hit by Dan Hamhuis and loses puck.
2:01 of 3rd period - Shot by Martin Erat.
2:01 of 3rd period - Goal by Martin Erat - Jets : 3 - Flames : 3.
2:02 of 3rd period - Mike Ribeiro wins face-off versus John Tavares in neutral zone.
2:09 of 3rd period - Shot by Clarke MacArthur.
2:09 of 3rd period - Stopped by Miikka Kiprusoff without a rebound.
2:10 of 3rd period - Ryan Malone wins face-off versus Pierre-Marc Bouchard in Flames zone.
2:15 of 3rd period - Shot by Ryan Malone.
2:15 of 3rd period - Shot Blocked by Josh Gorges.
2:42 of 3rd period - Teddy Purcell is hit by Mark Giordano and loses puck.
3:34 of 3rd period - Icing by Devin Setoguchi.
3:35 of 3rd period - Mike Ribeiro wins face-off versus Anze Kopitar in Flames zone.
4:04 of 3rd period - Shot by Mike Ribeiro.
4:04 of 3rd period - Shot Blocked by Dan Boyle.
4:30 of 3rd period - Brenden Morrow is hit by Devin Setoguchi and loses puck.
4:43 of 3rd period - Shot by Brenden Morrow.
4:43 of 3rd period - Stopped by Miikka Kiprusoff with a rebound.
4:45 of 3rd period - Shot by Brian Boyle.
4:45 of 3rd period - Stopped by Miikka Kiprusoff without a rebound.
4:46 of 3rd period - Mike Ribeiro wins face-off versus John Tavares in Flames zone.
4:55 of 3rd period - Jack Johnson is hit by Mike Ribeiro and loses puck.
5:01 of 3rd period - Minor Penalty to Mikael Samuelsson for Hooking.
5:02 of 3rd period - John Tavares wins face-off versus Jordan Caron in Flames zone.
5:02 of 3rd period - John Tavares is hit by Martin Erat.
5:14 of 3rd period - Shot by Christian Ehrhoff.
5:14 of 3rd period - Shot Blocked by Zach Bogosian.
5:16 of 3rd period - Shot by Ryan Suter.
5:16 of 3rd period - Stopped by Miikka Kiprusoff without a rebound.
5:17 of 3rd period - John Tavares wins face-off versus Brenden Morrow in Flames zone.
5:49 of 3rd period - Shot by Mike Ribeiro.
5:49 of 3rd period - Shot Misses the Net.
6:13 of 3rd period - Shot by Ryan Suter.
6:13 of 3rd period - Stopped by Miikka Kiprusoff without a rebound.
6:14 of 3rd period - Alex Steen wins face-off versus Martin Erat in Flames zone.
6:42 of 3rd period - Icing by Ryan Suter.
6:43 of 3rd period - John Tavares wins face-off versus Jordan Caron in Jets zone.
7:02 of 3rd period - Shot by Alex Steen.
7:02 of 3rd period - Shot Misses the Net.
7:20 of 3rd period - Shot by Mikael Samuelsson.
7:20 of 3rd period - Shot Misses the Net.
7:25 of 3rd period - Minor Penalty to Mikael Samuelsson for Roughing.
7:26 of 3rd period - Anze Kopitar wins face-off versus Mike Ribeiro in Flames zone.
8:08 of 3rd period - Minor Penalty to John Tavares for Roughing.
8:09 of 3rd period - Clarke MacArthur wins face-off versus Rob Schremp in Flames zone.
8:30 of 3rd period - Shot by Ryan Malone.
8:30 of 3rd period - Goal by Ryan Malone - Jets : 4 - Flames : 3.
8:31 of 3rd period - Mike Ribeiro wins face-off versus Anze Kopitar in neutral zone.
9:12 of 3rd period - Icing by Ryan Suter.
9:13 of 3rd period - Martin Erat wins face-off versus Rob Schremp in Jets zone.
9:19 of 3rd period - Off-side.
9:20 of 3rd period - Devin Setoguchi wins face-off versus Clarke MacArthur in neutral zone.
9:29 of 3rd period - Zach Bogosian is hit by Rene Bourque and loses puck.
10:04 of 3rd period - Shot by Ryan Malone.
10:04 of 3rd period - Stopped by Miikka Kiprusoff without a rebound.
10:05 of 3rd period - Rob Schremp wins face-off versus Mike Ribeiro in Flames zone.
10:18 of 3rd period - Shot by Teddy Purcell.
10:18 of 3rd period - Stopped by Ilya Bryzgalov without a rebound.
10:19 of 3rd period - Anze Kopitar wins face-off versus Brian Boyle in Jets zone.
10:22 of 3rd period - Shot by Devin Setoguchi.
10:22 of 3rd period - Stopped by Ilya Bryzgalov with a rebound.
10:42 of 3rd period - Shot by Brenden Morrow.
10:42 of 3rd period - Shot Misses the Net.
10:44 of 3rd period - Shot by Brenden Morrow.
10:44 of 3rd period - Stopped by Miikka Kiprusoff without a rebound.
10:45 of 3rd period - John Tavares wins face-off versus Frans Nielsen in Flames zone.
11:50 of 3rd period - Shot by Teddy Purcell.
11:50 of 3rd period - Shot Blocked by Ryan Suter.
11:54 of 3rd period - Shot by Pierre-Marc Bouchard.
11:54 of 3rd period - Stopped by Ilya Bryzgalov without a rebound.
11:55 of 3rd period - Brian Boyle wins face-off versus Anze Kopitar in Jets zone.
11:55 of 3rd period - Brian Boyle is hit by Devin Setoguchi.
12:19 of 3rd period - Minor Penalty to P.K. Subban for High sticking.
12:20 of 3rd period - Ryan Callahan wins face-off versus John Tavares in Jets zone.
14:01 of 3rd period - Shot by Joffrey Lupul.
14:01 of 3rd period - Shot Blocked by Ryan Malone.
14:03 of 3rd period - Shot by Dan Hamhuis.
14:03 of 3rd period - Shot Blocked by Ryan Suter.
14:07 of 3rd period - Shot by Michael Grabner.
14:07 of 3rd period - Shot Misses the Net.
14:22 of 3rd period - Shot by Teddy Purcell.
14:22 of 3rd period - Shot Hit the Post.
14:24 of 3rd period - Shot by Pierre-Marc Bouchard.
14:24 of 3rd period - Shot Blocked by P.K. Subban.
14:48 of 3rd period - Shot by Josh Gorges.
14:48 of 3rd period - Shot Misses the Net.
14:50 of 3rd period - Shot by Zach Bogosian.
14:50 of 3rd period - Shot Misses the Net.
14:54 of 3rd period - Shot by Teddy Purcell.
14:54 of 3rd period - Shot Misses the Net.
14:58 of 3rd period - Shot by Jiri Hudler.
14:58 of 3rd period - Stopped by Ilya Bryzgalov without a rebound.
14:59 of 3rd period - John Tavares wins face-off versus Frans Nielsen in Jets zone.
15:13 of 3rd period - Ryan Malone is hit by Erik Johnson and loses puck.
15:17 of 3rd period - Erik Johnson and Ryan Malone fight to a draw.
15:17 of 3rd period - Penalty to Erik Johnson for Fighting.
15:17 of 3rd period - Penalty to Ryan Malone for Fighting.
15:18 of 3rd period - Brian Boyle wins face-off versus Anze Kopitar in neutral zone.
15:38 of 3rd period - Christian Ehrhoff is hit by Dan Hamhuis and loses puck.
15:56 of 3rd period - Minor Penalty to P.K. Subban for Holding.
15:57 of 3rd period - Ryan Callahan wins face-off versus Anze Kopitar in Jets zone.
16:46 of 3rd period - Brenden Morrow is hit by Joffrey Lupul.
17:33 of 3rd period - Off-side.
17:34 of 3rd period - John Tavares wins face-off versus Ryan Callahan in neutral zone.
17:45 of 3rd period - Shot by John Tavares.
17:45 of 3rd period - Stopped by Ilya Bryzgalov without a rebound.
17:46 of 3rd period - Rob Schremp wins face-off versus Mike Ribeiro in Jets zone.
17:47 of 3rd period - Shot by Josh Gorges.
17:47 of 3rd period - Shot Misses the Net.
17:54 of 3rd period - Icing by Josh Gorges.
17:55 of 3rd period - Mike Ribeiro wins face-off versus Rob Schremp in Flames zone.
18:11 of 3rd period - Icing by Alex Steen.
18:12 of 3rd period - Frans Nielsen wins face-off versus John Tavares in Flames zone.
18:30 of 3rd period - Shot by Frans Nielsen.
18:30 of 3rd period - Goal by Frans Nielsen - Jets : 5 - Flames : 3.
18:31 of 3rd period - Anze Kopitar wins face-off versus Brian Boyle in neutral zone.
18:55 of 3rd period - Ryan Callahan is hit by Dan Hamhuis and loses puck.
19:06 of 3rd period - Shot by Brian Boyle.
19:06 of 3rd period - Deflect By Brenden Morrow.
19:06 of 3rd period - Shot Misses the Net.
19:30 of 3rd period - Minor Penalty to Dan Hamhuis for High sticking.
19:31 of 3rd period - Rob Schremp wins face-off versus Clarke MacArthur in Flames zone.
19:35 of 3rd period - Off-side.
19:36 of 3rd period - Clarke MacArthur wins face-off versus Rob Schremp in neutral zone.
19:38 of 3rd period - Ryan Callahan is hit by Carl Gunnarsson and loses puck.
19:46 of 3rd period - Minor Penalty to Ryan Callahan for Cross-checking.
19:47 of 3rd period - Mike Ribeiro wins face-off versus John Tavares in Jets zone.
19:56 of 3rd period - Shot by Jack Johnson.
19:56 of 3rd period - Stopped by Ilya Bryzgalov with a rebound.


Output by the SimonT Hockey Simulator (STHS) for Stephane Roy -- Original Page W3C XHTML 1.0 Valid